 Dungeon Crawl Stone Soup version 0.32-a0-520-g344ed53f66 (webtiles) character file.

Game seed: 6639494414287088058

327470 sleeves the Fencer (level 19, -8/170 HPs)
             Began as a Demigod Shapeshifter on Feb 28, 2024.
             Killed from afar by Frederick (63 damage)
             ... with an iron shot
             ... on level 4 of the Vaults.
             The game lasted 02:01:36 (43207 turns).

sleeves the Fencer (Demigod Shapeshifter)          Turns: 43207, Time: 02:01:37

Health: -8/170     AC: 42    Str: 15    XL:     19   Next: 97%
Magic:  24/24      EV: 21    Int:  9    God:
Gold:   3275       SH: 24    Dex: 35    Spells: 18/18 levels left

rFire   + + .        b - +4 double sword (heavy)
rCold   + + .        J - +1 kite shield {rC+}
rNeg    . . .        d - +16 plate armour "Xeigugu" {+Inv Str+4 Int+3 Dex-2}
rPois   +            Z - +1 helmet of a bazaar {rF+ rCorr Str-5 SInv}
rElec   +            Y - +3 cloak of Beumola {Will++ Regen+ Int-4}
rCorr   +            t - +0 pair of gloves
SInv    +            p - +2 pair of boots of Repulsion {Regen+ Str+3}
Will    +++..        W - amulet of reflection
Stlth   +            u - ring of flight
HPRegen 2.08/turn    E - +5 ring of evasion
MPRegen 0.19/turn

%: reflection
@: resistant, flying, hasted, glowing, very quick
A: high MP 2, forlorn, divine attributes, dopey 1, weak 1, MP-powered wands
}: 2/15 runes: barnacled, gossamer
a: Evoke Invisibility


You were on level 4 of the Vaults.
You visited 6 branches of the dungeon, and saw 34 of its levels.
You also visited: Ice Cave, Volcano and Desolation.

You collected 3699 gold pieces.
You spent 424 gold pieces at shops.

Inventory:

Hand Weapons
 a - a +1 quick blade of flaming
   (You found it in a volcano)
 b - a +4 heavy double sword (weapon)
   (You found it on level 6 of the Dungeon)
Missiles
 B - 2 darts of dispersal
 N - 5 curare-tipped darts (quivered)
Armour
 d - the +16 plate armour "Xeigugu" (worn) {+Inv Str+4 Int+3 Dex-2}
   (You took it off a servant of whispers in the Desolation of Salt)

   Str+4:     It affects your strength (+4).
   Int+3:     It affects your intelligence (+3).
   Dex-2:     It affects your dexterity (-2).
   +Inv:      It lets you turn invisible.
 p - the +2 pair of boots of Repulsion (worn) {Regen+ Str+3}
   (You found it on level 1 of the Shoals)

   Str+3:     It affects your strength (+3).
   Regen+:    It increases your rate of health regeneration.
 t - a +0 pair of gloves (worn)
   (You found it on level 2 of the Shoals)
 F - the +8 scale mail "Zyluv" {rC++ Dex-5}
   (You found it in the Desolation of Salt)

   Dex-5:     It affects your dexterity (-5).
   rC++:      It greatly protects you from cold.
 J - a +1 kite shield of cold resistance (worn)
   (You found it in an ice cave)
 Y - the +3 cloak of Beumola (worn) {Will++ Regen+ Int-4}
   (You found it in an ice cave)

   Int-4:     It affects your intelligence (-4).
   Will++:    It greatly increases your willpower.
   Regen+:    It increases your rate of health regeneration.
 Z - the +1 helmet of a bazaar (worn) {rF+ rCorr Str-5 SInv}
   (You bought it in a shop on level 2 of the Orcish Mines)

   Str-5:     It affects your strength (-5).
   rF+:       It protects you from fire.
   SInv:      It lets you see invisible.
   rCorr:     It protects you from acid and corrosion.
Jewellery
 q - a ring of protection from cold
   (You found it on level 5 of the Dungeon)
 u - a ring of flight (left hand)
   (You found it on level 4 of the Lair of Beasts)
 z - a ring of protection from fire
   (You found it on level 7 of the Dungeon)
 E - a +5 ring of evasion (right hand)
   (You found it on level 7 of the Dungeon)
 G - a ring of resist corrosion
   (You found it on level 7 of the Dungeon)
 U - a ring of poison resistance
   (You found it on level 13 of the Dungeon)
 W - an amulet of reflection (around neck)
   (You found it on level 4 of the Lair of Beasts)
Talismans
 n - a talisman of death
   (You found it on level 2 of the Dungeon)
Wands
 k - a wand of digging (12)
   (You found it on level 11 of the Dungeon)
 o - a wand of charming (27)
   (You found it in an ice cave)
 C - a wand of light (12)
   (You found it on level 13 of the Dungeon)
 T - a wand of iceblast (2)
   (You found it on level 1 of the Lair of Beasts)
Scrolls
 c - 3 scrolls of blinking
 e - 2 scrolls of silence
 h - 4 scrolls of revelation
 j - 6 scrolls of immolation
 l - 4 scrolls of poison
 m - 7 scrolls of fear
 v - 3 scrolls of vulnerability
 x - 5 scrolls of teleportation
 y - 3 scrolls of noise
 A - 7 scrolls of enchant armour
 I - a scroll of brand weapon
 L - 8 scrolls of enchant weapon
 O - 3 scrolls of torment
 S - 3 scrolls of fog
 V - 2 scrolls of summoning
Potions
 f - 3 potions of cancellation
 g - 10 potions of mutation
 i - 7 potions of ambrosia
 r - 6 potions of haste
 s - 4 potions of enlightenment
 w - 7 potions of brilliance
 D - 9 potions of curing
 H - a potion of invisibility
 M - 4 potions of might
 P - 3 potions of attraction
 Q - a potion of magic
 R - 8 potions of heal wounds
 X - a potion of resistance
Miscellaneous
 K - a condenser vane
   (You found it in the Desolation of Salt)


   Skills:
 - Level 15.0 Fighting
 - Level 20.0 Long Blades
 + Level 10.6 Armour
 - Level 16.2 Dodging
 - Level 10.0 Stealth
 - Level 15.0 Shields
 - Level 5.0 Unarmed Combat
 - Level 2.6 Shapeshifting


You had 18 spell levels left.
You didn't know any spells.
Your spell library contained the following spells:

 Spells                   Type           Power      Damage    Failure   Level
 Foxfire                  Conj/Fire      0%         2x1d4     100%        1
 Freeze                   Ice            0%         1d3       100%        1
 Sandblast                Erth           0%         2d4       100%        1
 Shock                    Conj/Air       0%         1d3       100%        1
 Summon Small Mammal      Summ           0%         N/A       100%        1
 Ensorcelled Hibernation  Hex/Ice        0%         N/A       100%        2
 Mercury Vapours          Alch/Air       0%         N/A       100%        2
 Momentum Strike          Conj/Tloc      0%         3d8       100%        2
 Static Discharge         Conj/Air       0%         3-3/arc   100%        2
 Call Canine Familiar     Summ           0%         N/A       100%        3
 Frozen Ramparts          Ice            0%         1d1       100%        3
 Fugue of the Fallen      Necr           0%         N/A       100%        3
 Hailstorm                Conj/Ice       0%         3d5       100%        3
 Mephitic Cloud           Conj/Alch/Air  0%         N/A       100%        3
 Stone Arrow              Conj/Erth      0%         3d7       100%        3
 Swiftness                Air            0%         N/A       100%        3
 Volatile Blastmotes      Fire/Tloc      0%         2d10      100%        3
 Airstrike                Air            0%         2d(0-16)  100%        4
 Anguish                  Hex/Necr       0%         N/A       100%        4
 Brom's Barrelling Bould  Conj/Erth      0%         2d3       100%        4
 Ignite Poison            Fire/Alch      0%         N/A       100%        4
 Manifold Assault         Tloc           0%         N/A       100%        4
 Martyr's Knell           Necr/Summ      0%         N/A       100%        4
 Petrify                  Alch/Erth      0%         N/A       100%        4
 Sticky Flame             Fire/Alch      0%         2d4       100%        4
 Summon Blazeheart Golem  Fire/Summ      0%         N/A       100%        4
 Summon Lightning Spire   Summ/Air       0%         N/A       100%        4
 Vhi's Electric Charge    Tloc/Air       0%         N/A       100%        4
 Arcjolt                  Conj/Air       0%         1d10      100%        5
 Fireball                 Conj/Fire      0%         3d3       100%        5
 Irradiate                Conj/Alch      0%         3d11      100%        5
 Iskenderun's Battlesphe  Conj           0%         2d6       100%        5
 Silence                  Hex/Air        0%         N/A       100%        5
 Summon Forest            Summ/Tloc      0%         N/A       100%        5
 Summon Mana Viper        Hex/Summ       0%         N/A       100%        5
 Conjure Ball Lightning   Conj/Air       0%         3x3d6     100%        6
 Eringya's Noxious Bog    Alch           0%         4d6       100%        6
 Plasma Beam              Fire/Air       0%         2x1d10    100%        6
 Sculpt Simulacrum        Ice/Alch       0%         N/A       100%        6
 Starburst                Conj/Fire      0%         6d3       100%        6
 Summon Cactus Giant      Summ           0%         N/A       100%        6
 Enfeeble                 Hex            0%         N/A       100%        7
 Orb of Destruction       Conj           0%         9d5       100%        7
 Ozocubu's Refrigeration  Ice            0%         4d7       100%        7
 Summon Hydra             Summ           0%         N/A       100%        7
 Ignition                 Fire           0%         3d3       100%        8
 Lehudib's Crystal Spear  Conj/Erth      0%         10d2      100%        8
 Maxwell's Capacitive Co  Air            0%         ∞         100%        8
 Chain Lightning          Conj/Air       0%         N/A       100%        9
 Polar Vortex             Ice            0%         N/A       100%        9


Dungeon Overview and Level Annotations

Branches:
Dungeon (15/15)            Temple (0/1) D:5            Lair (5/5) D:8
 Shoals (4/4) Lair:3       Spider (4/4) Lair:2        Slime (0/5) Lair:5
    Orc (2/2) D:9             Elf (0/3) Orc:2        Vaults (4/5) D:13
  Crypt (0/3) Vaults:2     Depths (0/4) D:15          IceCv (visited)
Volcano (visited)         Desolation (visited)

Shops:
D:7 [   Orc:2 *[:(   Shoals:3 (

Annotations:
D:3 2 transporters, anacleto's ghost, amateur TrSh
D:4 1 runed translucent door, Crazy Yiuf
D:11 3 runed translucent doors, exclusions: obsidian statue and orange crystal statue, Juicyj's ghost, journeyman MiFi
Vaults:4 Frederick


Innate Abilities, Weirdness & Mutations

You have a considerably increased reservoir of magic. (+20% MP)
You shall have no god before yourself.
Your divine heritage dramatically boosts your attributes as you level up.
You are dopey. (Int -2)
You are weak. (Str -2)
You expend magic power (3 MP) to strengthen your wands.


Message History

You hit the slime creature.
The slime creature is lightly wounded.
The slime creature hits you but does no damage.
The slime creature hits you!
You open the slime creature like a pillowcase!!!
You kill the slime creature!
The slime creature misses you.
You block the slime creature's attack. x3
You slice the slime creature!!
The slime creature is heavily wounded.
You block the slime creature's attack.
The slime creature hits you but does no damage.
You hit the slime creature.
The slime creature is heavily wounded.
The slime creature hits you but does no damage.
You block the slime creature's attack.
You slice the slime creature like a ripe choko!!!
You kill the slime creature!
The slime creature hits you but does no damage.
You carve the slime creature like a ham!!!
The slime creature is severely wounded.
The slime creature misses you.
You slice the slime creature!!
You kill the slime creature!
No target in view!
No target in view!
No target in view!
No target in view!
You reach down and open the large door.
There is a large open door here.
As you open the door, it creaks loudly!
There is an open door here.
You reach down and open the door.
There is an open door here.
You reach down and open the door.
Found a stone staircase leading down.
There is an open door here.
You now have 3275 gold pieces (gained 30).
You reach down and open the door.
A yaktaur captain and a slime creature come into view.
The slime creature quivers.
There are monsters nearby!
A sphinx, an entropy weaver and 2 slime creatures come into view.
The sphinx shouts!
The yaktaur captain shouts!
The slime creature quivers.
The entropy weaver shouts!
A slime creature comes into view.
The entropy weaver points at you and mumbles some strange words.
The entropic weave corrodes you!
You hear a shout!
There is an open door here.
You barely miss the sphinx.
The slime creature quivers.
You block the sphinx's attack. x3
A vault warden comes into view. It is wielding a +0 great mace.
The entropy weaver points at you and mumbles some strange words.
The entropic weave corrodes you!
A slime creature comes into view.
You chop the sphinx into pieces!!!
The sphinx is severely wounded.
You block the sphinx's attack. x2; The sphinx completely misses you.
The entropy weaver gestures at you while chanting.
The entropic weave corrodes you!
A slime creature comes into view.
You block the slime creature's attack.
The sphinx casts a spell.
You resist with almost no effort.
You hit the sphinx but do no damage.
The sphinx is severely wounded.
You block the sphinx's attack. x3
Two slime creatures merge to form a large slime creature.
You cut the sphinx into ribbons!!!!
You kill the sphinx!
Two slime creatures merge to form a very large slime creature.
You slice the very large slime creature like a ripe choko!!!
The very large slime creature is moderately wounded.
You slice the very large slime creature like a ripe choko!!!
The very large slime creature is heavily wounded.
A very large slime creature splits.
You slash the slime creature!
The slime creature is almost dead.
You block the large slime creature's attack.
The slime creature hits you. The large slime creature misses you.
Two slime creatures merge to form a large slime creature.
You hit the slime creature.
The slime creature is almost dead.
You block the slime creature's attack.
The large slime creature barely misses you.
Two slime creatures merge to form a very large slime creature.
You slice the slime creature like a ripe choko!!!!
You kill the slime creature!
A large slime creature splits.
You hit the slime creature.
The slime creature is heavily wounded.
Two slime creatures merge to form an enormous slime creature.
You block the slime creature's attack.
You open the slime creature like a pillowcase!!!
You kill the slime creature!
An enormous slime creature splits.
You slice the large slime creature!!
The large slime creature is moderately wounded.
You block the large slime creature's attack.
A large slime creature splits.
You open the slime creature like a pillowcase!!!
You kill the slime creature!
You block the large slime creature's attack.
You block the slime creature's attack.
You block the large slime creature's attack.
You barely miss the slime creature.
The slime creature is moderately wounded.
You block the slime creature's attack.
The entropy weaver points at you and mumbles some strange words.
The entropic weave corrodes you!
You block the large slime creature's attack.
You carve the slime creature like a ham!!!
The slime creature is almost dead.
You block the slime creature's attack.
You block the large slime creature's attack.
You slice the slime creature!!
You kill the slime creature!
You block the large slime creature's attack.
You hit the large slime creature.
The large slime creature is lightly wounded.
The large slime creature hits you!
You slice the large slime creature!!
The large slime creature is moderately wounded.
You block the large slime creature's attack.
You barely miss the large slime creature.
The large slime creature is moderately wounded.
A large slime creature splits.
You carve the slime creature like a ham!!!
You kill the slime creature!
You block the yaktaur captain's attack.
You slash the yaktaur captain!
The yaktaur captain is lightly wounded.
The yaktaur captain hits you but does no damage.
You completely miss the yaktaur captain.
The yaktaur captain is lightly wounded.
The yaktaur captain hits you but does no damage.
You slash the yaktaur captain!
The yaktaur captain is moderately wounded.
You block the yaktaur captain's attack.
You slice the yaktaur captain!!
The yaktaur captain is almost dead.
You block the yaktaur captain's attack.
You carve the yaktaur captain like a ham!!!
You kill the yaktaur captain!
The entropy weaver gestures at you while chanting.
The entropic weave corrodes you! You block the slime creature's attack.
You slice the slime creature!!
The slime creature is severely wounded.
You block the slime creature's attack.
You hit the slime creature.
The slime creature is severely wounded.
You block the slime creature's attack.
You slice the slime creature!!
You kill the slime creature!
You hit the vault warden but do no damage.
You slice the vault warden!!
The vault warden is moderately wounded.
The entropy weaver points at you and mumbles some strange words.
The entropic weave corrodes you!
The vault warden hits you with a +0 great mace.
You hit the vault warden.
The vault warden is moderately wounded.
The vault warden activates a sealing rune.
A door slams shut!
You barely miss the vault warden.
The vault warden is moderately wounded.
You block the vault warden's attack.
You hit the vault warden but do no damage.
The vault warden is moderately wounded.
The vault warden barely misses you. You block the vault warden's attack.
You carve the vault warden like a ham!!!!
You kill the vault warden!
The runic seals fade away.
You cut the entropy weaver into ribbons!!!
The entropy weaver is almost dead.
You block the entropy weaver's attack. x3; The entropy weaver hits you.
You open the entropy weaver like a pillowcase!!!
You kill the entropy weaver!
No target in view!
No target in view!
No target in view!
There is an open door, spattered with blood here.
Items here: ))) [ ††.
Found a stone staircase leading down.
An ironbound thunderhulk comes into view.
It is wielding a +0 dire flail.
The ironbound thunderhulk shouts!
Electricity crackles from the ironbound thunderhulk's apparatus.
The bolt of lightning hits you!!
There is an open door here.
An ironbound thunderhulk is nearby!
You start resting.
An ironbound thunderhulk is nearby!
You hit the ironbound thunderhulk but do no damage.
Strange energies crackle from the ironbound thunderhulk's apparatus.
The ironbound thunderhulk blinks!
Electricity crackles from the ironbound thunderhulk's apparatus.
The bolt of lightning hits you!!!
You dice the ironbound thunderhulk like an onion!!!!
You kill the ironbound thunderhulk!
No target in view!
No target in view!
No target in view!
Mara, Lord of Illusions comes into view.
He is wielding a +3 vampiric demon whip and wearing a +1 robe of fire resistance.
Mara is nearby!
Mara is nearby!
An ironbound frostheart comes into view.
The ironbound frostheart shouts!
You hear a shout!
Mara completely misses you.
You miss Mara.
A slime creature comes into view.
You block Mara's attack.
You barely miss Mara.
A slime creature comes into view.
Mara hits you but does no damage.
You open Mara like a pillowcase!!!
Mara is heavily wounded.
You block Mara's attack.
You hit Mara but do no damage.
Mara is heavily wounded.
You block Mara's attack.
You closely miss Mara.
Mara is heavily wounded.
The ironbound frostheart touches you but does no damage.
You block Mara's attack.
The ironbound frostheart calls freezing cold from the walls.
The frost grips you but does no damage.
You are encased in ice.
A slime creature comes into view.
You block Mara's attack.
You cut Mara into ribbons!!!
Mara is severely wounded.
You hear a shout!
You block the ironbound frostheart's attack.
Mara weaves an illusion.
Mara shimmers and seems to become three!
You slice Mara!!
Mara is almost dead.
Mara gestures at you.
The bolt of fire is repelled.
You block the ironbound frostheart's attack.
Two slime creatures merge to form a large slime creature.
Mara blinks!
You block Mara's attack.
You slice Mara!!
You kill Mara!
Mara shimmers and vanishes!
The ironbound frostheart closely misses you.
Two slime creatures merge to form a very large slime creature.
Mara blinks!
You hit the ironbound frostheart but do no damage.
The ice encasing you melts away.
The ironbound frostheart calls freezing cold from the walls.
The frost grips you. You resist.
You are encased in ice.
You slash the ironbound frostheart!
The ironbound frostheart is lightly wounded.
The ironbound frostheart calls freezing cold from the walls.
The frost grips you! You resist.
You carve the ironbound frostheart like a ham!!!
The ironbound frostheart is almost dead.
You block the ironbound frostheart's attack.
A very large slime creature splits.
You hit the ironbound frostheart but do no damage.
The ironbound frostheart is almost dead.
You block the ironbound frostheart's attack.
You block the large slime creature's attack.
You block the slime creature's attack. The ironbound frostheart misses you.
The large slime creature completely misses you.
You open the ironbound frostheart like a pillowcase!!!
You kill the ironbound frostheart!
The ice encasing you melts away.
You are no longer corroded.
The slime creature completely misses you.
A large slime creature splits.
The slime creature attacks as it pursues you!
You block the slime creature's attack.
Mara blinks!
Two slime creatures merge to form a large slime creature.
Mara weaves an illusion.
Mara shimmers and seems to become three!
You block the slime creature's attack. Mara gestures at you.
The bolt of fire hits you but does no damage.
Mara blinks!
Mara completely misses you.
Mara blinks!
The slime creature attacks as it pursues you!
You block the slime creature's attack.
You slash Mara!
Mara is severely wounded.
You block Mara's attack. x2; You block the slime creature's attack.
You hit Mara but do no damage.
Mara is severely wounded.
You block Mara's attack. Mara barely misses you.
You slash Mara!
Mara is almost dead.
You block the large slime creature's attack.
Mara blinks!
Mara barely misses you.
You hit Mara but do no damage.
Mara is heavily wounded.
You block the large slime creature's attack.
Mara gestures at you.
The bolt of fire hits Mara.
Mara completely resists.
The bolt of fire hits you! You resist. Mara gestures at you.
There is a horrible, sudden wrenching feeling in your soul!
Mara blinks!
You block the slime creature's attack.
The large slime creature attacks as it pursues you!
You block the large slime creature's attack.
Mara blinks!
Two slime creatures merge to form a very large slime creature.
Sleeves's illusion hits you!
As you read the scroll of teleportation, it crumbles to dust.
You feel strangely unstable.
Mara blinks!
Sleeves's illusion hits you!!
You closely miss Mara.
Mara is heavily wounded.
Mara blinks!
You block Mara's attack.
Sleeves's illusion hits you but does no damage.
You slash Mara!
Mara is severely wounded.
Mara hits you with a +3 vampiric demon whip.
Mara draws strength from your wounds! You block sleeves's illusion's attack.
Mara growls.
You slice Mara like a ripe choko!!!
You kill Mara!
Mara shimmers and vanishes!
Your surroundings suddenly seem different.
You start resting.
HP restored.
You start waiting.
Done waiting.
You reach down and open the door.
There is an open door here.
You reach down and open the door.
Found a stone staircase leading up.
There is an open door here.
There is an open door here.
An ironbound thunderhulk comes into view.
It is wielding a +0 dire flail.
The ironbound thunderhulk shouts!
You hear a shout!
An ironbound preserver comes into view. It is wielding a +0 dire flail.
There are monsters nearby!
A vault warden comes into view. It is wielding a +3 war axe.
The vault warden shouts!
The ironbound preserver shouts!
Electricity crackles from the ironbound thunderhulk's apparatus.
The bolt of lightning is repelled.
A vault guard comes into view. It is wielding a +0 battleaxe.
The vault guard shouts!
Strange energies crackle from the ironbound thunderhulk's apparatus.
The ironbound thunderhulk blinks!
An ironbound preserver is nearby!
There are monsters nearby!
You chop the ironbound preserver into pieces!!!
The ironbound preserver is moderately wounded.
You block the ironbound preserver's attack.
You slash the ironbound preserver!
The ironbound preserver is heavily wounded.
The ironbound preserver gestures wildly while chanting.
The ironbound preserver begins to accept its allies' injuries.
You slice the ironbound preserver!!
The ironbound preserver is heavily wounded.
You block the ironbound preserver's attack.
You completely miss the ironbound preserver.
The ironbound preserver is heavily wounded.
The ironbound preserver hits you but does no damage.
You open the ironbound preserver like a pillowcase!!!
The ironbound preserver is almost dead.
The ironbound preserver hits you with a +0 dire flail!
You cut the ironbound preserver into ribbons!!!
You kill the ironbound preserver!
You slice the vault guard!!
The vault guard is heavily wounded.
You block the vault guard's attack.
The vault guard hits you but does no damage.
The vault warden activates a sealing rune.
A door slams shut!
You cut the vault guard into ribbons!!!
You kill the vault guard!
The vault warden unwields a +3 war axe.
The vault warden wields a +0 arbalest.
The vault warden shoots a bolt.
You block the bolt with an invisible shield... and reflect it back!
The bolt hits the vault warden!!
The ironbound thunderhulk closely misses you.
Items here: )) [[ †.
You barely miss the vault warden.
The vault warden is moderately wounded.
The vault warden unwields a +0 arbalest.
The vault warden wields a +3 war axe.
You block the vault warden's attack.
You slice the vault warden!!
The vault warden is severely wounded.
The vault warden misses you.
You block the ironbound thunderhulk's attack.
You block the vault warden's attack.
You slice the vault warden!!
You kill the vault warden!
The runic seals fade away.
You block the ironbound thunderhulk's attack.
You dice the ironbound thunderhulk like an onion!!!
The ironbound thunderhulk is heavily wounded.
The ironbound thunderhulk hits you but does no damage.
You dice the ironbound thunderhulk like an onion!!!
You kill the ironbound thunderhulk!
No target in view!
No target in view!
No target in view!
No target in view!
No target in view!
No target in view!
No target in view!
No target in view!
No target in view!
No target in view!
Things that are here:
a +3 war axe; a +0 arbalest; a +0 plate armour You reach down and open the door.
An ironbound convoker comes into view. It is wielding a +0 dire flail.
There is an open door here.
An ironbound convoker is nearby!
An ironbound convoker is nearby!
Okay, then.
The ironbound convoker shouts!
The ironbound convoker begins to recite a word of recall!
The vault sentinel is recalled.
Mara is recalled.
The vault sentinel is recalled. x2; The yaktaur is recalled.
The yaktaur captain is recalled.
The deep troll is recalled.
A vault sentinel comes into view. It is wielding a +0 war axe.
A deep troll comes into view.
A yaktaur captain comes into view.
A vault sentinel comes into view. It is wielding a +0 arbalest.
The vault sentinel gestures at you while chanting.
You easily resist.
A vault sentinel comes into view. It is wielding a +0 arbalest.
The vault sentinel gestures at you while chanting.
You easily resist.
Mara weaves an illusion.
Mara shimmers and seems to become three!
A yaktaur comes into view.
It is wielding a +1 scimitar of protection.
You slice Mara!!
Mara is heavily wounded.
Mara blinks!
You block Mara's attack.
The ironbound convoker gestures at the yaktaur while chanting.
The yaktaur seems to grow stronger.
You block the vault sentinel's attack.
The deep troll completely misses you. x2; You block the deep troll's attack.
The vault sentinel blows a loud note on a signal horn! x2
Mara hits you but does no damage. Mara gestures at you.
The bolt of fire hits Mara.
Mara completely resists.
The bolt of fire is repelled.
The yaktaur captain completely misses you.
The deep troll bites you but does no damage.
The deep troll misses you. x2
The vault sentinel unwields a +0 arbalest.
The vault sentinel wields a +0 halberd.
The vault sentinel closely misses you.
The yaktaur unwields a +1 scimitar of protection.
The yaktaur wields a +0 arbalest.
The yaktaur shoots a bolt.
The bolt hits you!
The vault sentinel casts a spell at you.
You easily resist.
You miss Mara.
Mara is heavily wounded.
Mara blinks!
Mara points ostentatiously.
The vault sentinel blows a loud note on a signal horn!
The deep troll misses you. You block the deep troll's attack. x2
The yaktaur captain barely misses you.
The vault sentinel blows a loud note on a signal horn!
You block the vault sentinel's attack.
You hear a shout! x2
You carve Mara like a ham!!!!
You kill Mara!
Mara shimmers and vanishes!
You block the ironbound convoker's attack.
The vault sentinel blows a loud note on a signal horn!
You block the deep troll's attack.
The deep troll claws you but does no damage.
The deep troll barely misses you. You block the yaktaur captain's attack.
The vault sentinel gestures at you while chanting.
You easily resist.
The yaktaur shoots a bolt.
The bolt barely misses you. The vault sentinel closely misses you.
You hear a shout!
The ironbound convoker points at the yaktaur captain and mumbles some strange words.
The yaktaur captain seems to grow stronger.
You block the vault sentinel's attack. You block the deep troll's attack. x2
The deep troll claws you but does no damage.
The yaktaur captain hits you.
The yaktaur shoots a bolt.
The bolt closely misses you.
The vault sentinel casts a spell at you.
You easily resist.
You block the vault sentinel's attack.
The deep troll attacks as it pursues you!
The deep troll completely misses you. You block the deep troll's attack. x2
The yaktaur captain attacks as it pursues you!
The yaktaur captain hits you but does no damage.
The vault sentinel blows a loud note on a signal horn!
The yaktaur captain wields a +0 arbalest.
The yaktaur captain shoots a bolt.
The bolt hits you!
Mara weaves an illusion.
Mara shimmers and seems to become two!
There is an open door here.
Mara gestures at you.
There is a horrible, sudden wrenching feeling in your soul!
Mara blinks!
Mara gestures at you.
The bolt of fire hits Mara.
Mara completely resists.
The bolt of fire hits you!! You resist.
Mara blinks!
Mara blinks!
You block Mara's attack.
You chop Mara into pieces!!!
Mara is severely wounded.
Mara smirks. "I am one who seeks the Path and the Right."
You block Mara's attack.
You slice Mara like a ripe choko!!!
You kill Mara!
Mara shimmers and vanishes!
Sleeves's illusion shimmers and vanishes!
The vault sentinel blows a loud note on a signal horn!
You hear a shout! x4
The ironbound convoker casts a spell at the deep troll.
The deep troll seems to grow stronger.
Things that are here:
a +3 war axe; a +0 arbalest; a +0 plate armour The vault sentinel blows a loud note on a signal horn!
You hear a shout!
Items here: )) [[ †.
There is an open door here.
HP restored.
There is a stone staircase leading up here.
A deep troll is nearby!
You fly upwards.
There is a stone staircase leading down here.
You fly downwards.
Level annotation: Mara You block the deep troll's attack. x3
The ironbound convoker completely misses you.
The deep troll closely misses you. The deep troll claws you!
The deep troll completely misses you.
There is a stone staircase leading up, spattered with blood here.
The deep troll closely misses you. The deep troll completely misses you.
You block the deep troll's attack.
You fly upwards.
There is a stone staircase leading down here.
You slice the deep troll like a ripe choko!!!
You kill the deep troll!
You block the ironbound convoker's attack.
You slice the ironbound convoker!!
The ironbound convoker is heavily wounded.
You block the ironbound convoker's attack.
You barely miss the ironbound convoker.
The ironbound convoker is heavily wounded.
The ironbound convoker hits you but does no damage.
You block the ironbound convoker's attack.
You slash the ironbound convoker!
The ironbound convoker is almost dead.
You block the ironbound convoker's attack.
You open the ironbound convoker like a pillowcase!!!
You kill the ironbound convoker!
No target in view!
You fly downwards.
Level annotation: Mara The yaktaur captain shoots a bolt.
You block the bolt with an invisible shield... and reflect it back!
The bolt hits the yaktaur captain!!
The yaktaur captain shoots a bolt.
You block the bolt with an invisible shield... and reflect it back!
The bolt hits the yaktaur captain!!
There is a stone staircase leading up, spattered with blood here.
The yaktaur captain shoots a bolt.
You block the bolt with an invisible shield... and reflect it back!
The bolt hits the yaktaur captain!!!
You kill the yaktaur captain!
No target in view!
Mara shimmers.
Mara shimmers and seems to become three!
There is a stone staircase leading up, spattered with blood here.
You hit Mara.
Mara is lightly wounded.
You block Mara's attack.
Mara says, "Difficult is the way of exertion, difficult to pass, difficult to enter upon."
Mara gestures at you.
The bolt of fire misses Mara.
The bolt of fire hits you but does no damage.
You slice Mara!!
Mara is moderately wounded.
Mara completely misses you.
Mara's face changes twice.
Mara hits you but does no damage.
Mara blinks!
Mara hits you with a +3 vampiric demon whip!!
Mara hits you but does no damage.
You closely miss Mara.
Mara is moderately wounded.
Mara gestures at you. The bolt of fire hits you! You resist.
Mara gestures at you.
The bolt of fire is repelled.
The vault sentinel blows a loud note on a signal horn!
Mara gestures at you. The bolt of fire hits you!! You resist.
You block Mara's attack.
You fly upwards.
There is a stone staircase leading down, spattered with blood here.
You start resting.
HP restored.
You fly downwards.
Level annotation: Mara The vault sentinel unwields a +0 war axe.
The vault sentinel wields a +0 arbalest.
The vault sentinel shoots a bolt.
The bolt completely misses you.
Mara's face changes twice.
Mara misses you.
The vault sentinel points at you and mumbles some strange words.
You easily resist.
There is a stone staircase leading up, spattered with blood here.
You block Mara's attack. Mara gestures at you.
There is a horrible, sudden wrenching feeling in your soul!
The vault sentinel blows a loud note on a signal horn!
You hear a shout! x3
You fly upwards.
There is a stone staircase leading down, spattered with blood here.
You fly downwards.
Level annotation: Mara Mara blinks!
The yaktaur shoots a bolt.
You block the bolt with an invisible shield... and reflect it back!
The bolt hits the yaktaur!!
The vault sentinel blows a loud note on a signal horn!
The vault sentinel shoots a bolt.
You block the bolt with an invisible shield... and reflect it back!
The bolt hits the vault sentinel!!
There is a stone staircase leading up, spattered with blood here.
The vault sentinel blows a loud note on a signal horn! x2
You carve the yaktaur like a ham!!!
You kill the yaktaur!
The vault sentinel shoots a bolt.
The bolt hits you but does no damage.
The vault sentinel shoots a bolt.
The bolt completely misses you.
The vault sentinel shoots a bolt.
You block the bolt with an invisible shield... and reflect it back!
The bolt hits the vault sentinel!
The vault sentinel shoots a bolt.
You block the bolt with an invisible shield... and reflect it back!
The bolt hits the vault sentinel!!
The vault sentinel unwields a +0 halberd.
The vault sentinel wields a +0 arbalest.
The vault sentinel shoots a bolt.
You block the bolt with an invisible shield... and reflect it back!
The bolt hits Mara!
The vault sentinel shoots a bolt.
You block the bolt with an invisible shield... and reflect it back!
The bolt hits the vault sentinel.
You open Mara like a pillowcase!!!
Mara is heavily wounded.
The vault sentinel shoots a bolt.
The bolt completely misses you.
The vault sentinel blows a loud note on a signal horn!
Mara hits you but does no damage.
You hear a shout!
You slice Mara!!
Mara is severely wounded.
The vault sentinel gestures at you while chanting.
You easily resist.
The vault sentinel points at you and mumbles some strange words.
You easily resist.
You block Mara's attack.
The vault sentinel shoots a bolt.
The bolt misses you.
The vault sentinel blows a loud note on a signal horn!
You slash Mara!
Mara is severely wounded.
Mara blinks!
The vault sentinel unwields a +0 arbalest.
The vault sentinel wields a +0 halberd.
The vault sentinel misses you.
The vault sentinel points at you and mumbles some strange words.
You easily resist.
The vault sentinel unwields a +0 arbalest.
The vault sentinel wields a +0 halberd.
You block the vault sentinel's attack.
The vault sentinel gestures at you while chanting.
You easily resist.
The vault sentinel points at you and mumbles some strange words.
You easily resist.
You slice Mara!!
Mara is almost dead.
The vault sentinel shoots a bolt.
You block the bolt with an invisible shield... and reflect it back!
The bolt hits the vault sentinel!
The vault sentinel blows a loud note on a signal horn!
You block Mara's attack. The vault sentinel closely misses you.
You hear a shout!
You open Mara like a pillowcase!!!
You kill Mara!
The vault sentinel gestures at you while chanting.
You easily resist.
The vault sentinel points at you and mumbles some strange words.
You easily resist.
Training target 15.0 for Shields reached!
Your Shields skill increases to level 15!
You need to enable at least one skill for training.
You barely miss the vault sentinel.
The vault sentinel is severely wounded.
The vault sentinel gestures at you while chanting.
You easily resist.
You block the vault sentinel's attack. x2
You slice the vault sentinel like a ripe choko!!!
You kill the vault sentinel!
The vault sentinel closely misses you.
The vault sentinel unwields a +0 halberd.
The vault sentinel wields a +0 arbalest.
The vault sentinel shoots a bolt.
You block the bolt with an invisible shield... and reflect it back!
The bolt hits the vault sentinel.
You slice the vault sentinel!!
The vault sentinel is severely wounded.
You block the vault sentinel's attack.
The vault sentinel shoots a bolt.
The bolt completely misses you.
You closely miss the vault sentinel.
The vault sentinel is severely wounded.
The vault sentinel blows a loud note on a signal horn!
The vault sentinel shoots a bolt.
The bolt closely misses you.
You hear a shout!
You cut the vault sentinel into ribbons!!!!
You kill the vault sentinel!
The vault sentinel shoots a bolt.
You block the bolt with an invisible shield... and reflect it back!
The bolt hits the vault sentinel!
The vault sentinel casts a spell at you.
You easily resist.
There is a stone staircase leading up, spattered with blood here.
You chop the vault sentinel into pieces!!!
You kill the vault sentinel!
No target in view!
No target in view!
No target in view!
Items here: )))) [.
Things that are here:
a +3 vampiric demon whip; a +1 robe of fire resistance
Items here: )) [ †.
There is an open door, spattered with blood here.
Items here: )) [[ †.
Things that are here:
a +0 plate armour; a +3 war axe; a +0 arbalest
There is an open door here.
y - 3 scrolls of noise (gained 1)
You reach down and open the door.
A slime creature comes into view. x3
There are monsters nearby!
There are monsters nearby!
There are monsters nearby!
A slime creature comes into view.
The slime creature quivers.
There is an open door here.
The slime creature quivers.
You slice the slime creature!!
The slime creature is severely wounded.
The slime creature completely misses you.
Two slime creatures merge to form a large slime creature.
You slice the slime creature!!
You kill the slime creature!
Two slime creatures merge to form a very large slime creature.
A very large slime creature splits.
You open the large slime creature like a pillowcase!!!
The large slime creature is heavily wounded.
You block the large slime creature's attack.
You block the slime creature's attack.
You hit the large slime creature.
The large slime creature is severely wounded.
You block the large slime creature's attack.
The slime creature barely misses you.
You block the large slime creature's attack.
You slash the large slime creature!
The large slime creature is severely wounded.
You block the slime creature's attack.
A large slime creature splits.
You cut the slime creature into ribbons!!!
You kill the slime creature!
You block the slime creature's attack. x2
You slice the slime creature!!
You kill the slime creature!
You block the slime creature's attack.
You open the slime creature like a pillowcase!!!
The slime creature is almost dead.
You block the slime creature's attack.
You completely miss the slime creature.
The slime creature is almost dead.
The slime creature misses you.
The slime creature completely misses you.
You slice the slime creature like a ripe choko!!!!
You kill the slime creature!
No target in view!
No target in view!
No target in view!
You reach down and open the large door.
There is a large open door here.
You reach down and open the large door.
There is a large open door here.
There is a large open door here.
There is an open door here.
There is an open door here.
Found 6 stones.
There is an open door here.
You reach down and open the door.
There is an open door here.
A - 7 scrolls of enchant armour (gained 1)
There is an open door here.
There is an open door here.
You reach down and open the door.
There is an open door here.
An ironbound preserver comes into view. It is wielding a +0 flail.
The ironbound preserver shouts!
You hear a shout! x4
An ironbound preserver is nearby!
You barely miss the ironbound preserver.
A deep troll comes into view.
You block the ironbound preserver's attack.
You closely miss the ironbound preserver.
The deep troll shouts!
You hear a shout!
The ironbound preserver misses you.
The ironbound preserver mumbles some strange words.
The ironbound preserver begins to accept its allies' injuries.
You hear a shout!
You open the ironbound preserver like a pillowcase!!!
The ironbound preserver is heavily wounded.
A yaktaur comes into view.
You block the ironbound preserver's attack.
You completely miss the ironbound preserver.
The ironbound preserver is heavily wounded.
The deep troll bites you but does no damage.
You block the deep troll's attack. The deep troll completely misses you.
You block the ironbound preserver's attack.
You hit the ironbound preserver.
The ironbound preserver is heavily wounded.
You block the deep troll's attack. x2; The deep troll barely misses you.
You block the ironbound preserver's attack.
You slice the ironbound preserver like a ripe choko!!!
The ironbound preserver is almost dead.
You hear a shout!
You block the yaktaur's attack. You block the deep troll's attack.
The deep troll closely misses you. You block the deep troll's attack.
The ironbound preserver gestures wildly while chanting.
The ironbound preserver is healed somewhat.
You slice the ironbound preserver!!
You kill the ironbound preserver!
You block the deep troll's attack. x3; The yaktaur completely misses you.
The deep troll bites you but does no damage.
The deep troll misses you. The deep troll closely misses you.
You chop the deep troll into pieces!!!
The deep troll is almost dead.
The yaktaur closely misses you. You block the deep troll's attack. x3
A deep troll comes into view.
You slice the deep troll!!
You kill the deep troll!
You block the yaktaur's attack.
You chop the yaktaur into pieces!!!
You kill the yaktaur!
A yaktaur comes into view.
You slice the deep troll!!
The deep troll is moderately wounded.
You hear a shout!
The deep troll completely misses you. You block the deep troll's attack. x2
A deep troll comes into view.
You carve the deep troll like a ham!!!
You kill the deep troll!
You chop the yaktaur into pieces!!!!
You kill the yaktaur!
A yaktaur comes into view.
You chop the deep troll into pieces!!!
The deep troll is severely wounded.
The deep troll bites you but does no damage.
You block the deep troll's attack. x2
A vault warden comes into view.
It is wielding a +1 war axe of venom and wearing a +2 kite shield of poison resistance.
You slice the deep troll like a ripe choko!!!!
You kill the deep troll!
The vault warden activates a sealing rune.
A door slams shut!
You slice the yaktaur!!
The yaktaur is severely wounded.
You block the yaktaur's attack. x2
You slash the yaktaur!
The yaktaur is almost dead.
You block the yaktaur's attack. You block the vault warden's attack.
You cut the yaktaur into ribbons!!!!
You kill the yaktaur!
The vault warden barely misses you.
A deep troll comes into view.
The deep troll shouts!
You carve the vault warden like a ham!!!
The vault warden is severely wounded.
You block the vault warden's attack. The vault warden blocks your attack.
The vault warden is severely wounded.
The vault warden hits you but does no damage.
You are poisoned.
You barely miss the vault warden.
The vault warden is severely wounded.
You feel very sick. You block the vault warden's attack.
You block the deep troll's attack. x2
The deep troll claws you but does no damage.
The deep troll completely misses you.
The deep troll claws you but does no damage.
The deep troll misses you. The vault warden completely misses you.
You cut the vault warden into ribbons!!!
You kill the vault warden!
The runic seal fades away.
You feel sick. The deep troll misses you. You block the deep troll's attack.
The deep troll claws you but does no damage.
You open the deep troll like a pillowcase!!!
The deep troll is almost dead.
You feel sick. You block the deep troll's attack. The deep troll misses you.
You block the deep troll's attack.
You slice the deep troll!!
You kill the deep troll!
You feel sick.
No target in view!
No target in view!
No target in view!
HP restored.
You feel sick.
You feel sick.
You feel sick.
You are no longer poisoned.
Items here: ) [[ ††.
Things that are here:
a +0 animal skin; a +0 dire flail
Items here: )) [[ ÷.
You reach down and open the door.
There is an open door here.
i - 7 potions of ambrosia (gained 1)
Found a ring mail.
You reach down and open the door.
An ironbound thunderhulk comes into view.
It is wielding a +0 dire flail.
The ironbound thunderhulk shouts!
Electricity crackles from the ironbound thunderhulk's apparatus.
The bolt of lightning hits you!!!
There is an open door here.
An ironbound thunderhulk is nearby!
An ironbound thunderhulk is nearby!
You dice the ironbound thunderhulk like an onion!!!
The ironbound thunderhulk is heavily wounded.
The ironbound thunderhulk barely misses you.
You slice the ironbound thunderhulk!!
The ironbound thunderhulk is almost dead.
You block the ironbound thunderhulk's attack.
You slice the ironbound thunderhulk!!
You kill the ironbound thunderhulk!
No target in view!
No target in view!
There is an open door here.
There is an open door here.
Items here: )) [[ ÷.
Things that are here:
a +0 animal skin; a +0 dire flail
Items here: ) [[ ††.
There is an open door here.
There is an open door here.
You reach down and open the door.
There is an open door here.
There is a large open door here.
You reach down and open the door.
There is an open door here.
There is an open door here.
There is an open door here.
There is an open door here.
You reach down and open the door.
There is an open door here.
Key pressed, stopping explore.
Frederick the Flawless comes into view.
He is wielding a +5 eveningstar and wearing the orb of Wisdom {light, Rampage Fly Conj}.
Frederick shouts!
You hear a shout!
There is an open door here.
Frederick is nearby!
You start waiting.
Frederick is nearby!
Frederick says, "All of you adventurers look the same to me!
Bumbling weaklings, the lot!"
Frederick closely misses you.
You hit Frederick.
Frederick is lightly wounded.
Frederick mumbles some strange words.
Frederick summons a servant imbued with his destructive magic!
Frederick says, "Adventurers these days do not know how to walk, let alone fight."
You block Frederick's attack.
You completely miss Frederick.
Frederick is lightly wounded.
Frederick hits you with a +5 eveningstar!
The spellforged servitor points at you and mumbles some strange words.
The iron shot is repelled.
The spellforged servitor is knocked back by the blast.
You hit Frederick.
Frederick is lightly wounded.
You block Frederick's attack.
You carve Frederick like a ham!!!
Frederick is moderately wounded.
The spellforged servitor casts a spell.
The bolt of lightning hits you!! The fiery plasma hits you! You resist.
You block Frederick's attack.
You hear a trumpeting!
You hear a shout! x3
You feel yourself speed up. You block Frederick's attack.
You slice Frederick like a ripe choko!!!
Frederick is heavily wounded.
The spellforged servitor gestures at you while chanting.
The iron shot hits you!!!
* * * LOW HITPOINT WARNING * * *
You block Frederick's attack.
You feel protected. Frederick hits you but does no damage.
You completely miss Frederick.
Frederick is heavily wounded.
You closely miss Frederick.
Frederick is heavily wounded.
You block Frederick's attack.
You slice Frederick!!
Frederick is severely wounded.
Frederick hits you with a +5 eveningstar!!
* * * LOW HITPOINT WARNING * * *
You carve Frederick like a ham!!!
Frederick is almost dead.
You hear a shout!
Frederick casts a spell at you. The iron shot hits you!!!
You die...
Frederick scoffs, "You didn't have a chance."

....##..#########....#..#.#.#.#.
'##..#..# #....#[.#.......
..##....# ##..###.'># ...#.####
#### ###.......
...#...############# .#.#.#O
...###.##.##.##.##.# .. ..
..##....#..........# ### '#
'###....#...ß..ß9..# #
...#....'.......@@.#
####....#.##.##.##.#
##++###########'# #......#.....
#......#..... #......#.....
#......@..... #......#.....
#......#. ...


You could see Frederick and a spellforged servitor (summoned).

Vanquished Creatures
  Mara (Vaults:4)
  Arachne (Spider:3)
  3 sphinxes
  Agnes (Spider:1)
  Gastronok (Lair:1)
  Donald (Spider:3)
  The ghost of Ygem the Fighter, a journeyman DsFE of Sif Muna (Shoals:3)
  7 emperor scorpions
  2 imperial myrmidons (Desolation)
  Louise (Shoals:1)
  A frost giant (Shoals:4)
  20 vault wardens
  2 angels (Vaults:1)
  6 ghost moths
  A reaper (IceCv)
  A broodmother (Spider:4)
  A ghoul (Vaults:2)
  2 orc warlords
  A formless jellyfish (Vaults:3)
  12 ironbound preservers
  A stone giant (D:15)
  9 ironbound thunderhulks
  A halazid warlock (Desolation)
  5 dire elephants
  A deep elf annihilator (Vaults:3)
  A spark wasp (Spider:4)
  An eidolon (Vaults:2)
  3 crystal guardians
  Josephine (D:15)
  11 merfolk impalers
  2 fire dragons
  8 ragged hierophants (Desolation)
  7 yaktaur captains
  Erolcha (D:12)
  7 hydras
  11 vault guards
  6 servants of whispers (Desolation)
  Fannar (Lair:2)
  4 great orbs of eyes
  3 entropy weavers
  An ogre mage (D:15)
  A merfolk avatar (Shoals:4)
  12 boulder beetles
  7 centaur warriors
  A jorogumo (Spider:3)
  3 merfolk aquamancers
  6 peacekeepers
  5 radroaches
  7 dancing weapons (Spider:1)
  6 ironbound frosthearts
  9 death yaks
  A deep troll earth mage (Vaults:1)
  12 two-headed ogres
  4 tengu warriors
  An orc high priest (Orc:2)
  9 demonic crawlers
  Nergalle (Orc:2)
  5 skysharks
  5 skeletal warriors
  An iron troll (Vaults:1)
  A glowing orange brain (Vaults:3)
  9 pharaoh ants
  29 deep trolls
  15 sea snakes
  A sun moth (Spider:2)
  4 orb spiders
  17 lindwurms
  25 ironbound convokers
  6 arcanists
  7 harpies
  7 steelbarb worms
  A phantasmal warrior (Vaults:2)
  3 orc sorcerers
  7 orc knights
  A faun (Shoals:2)
  5 cyclopes
  18 ugly things
  24 wolf spiders
  5 moths of wrath
  13 manticores
  4 meliai
  6 elephants (Lair:1)
  5 black mambas
  16 vault sentinels
  A guardian serpent (Desolation)
  An ice statue (IceCv)
  6 merfolk sirens
  2 molten gargoyles (Desolation)
  5 water nymphs
  4 centaur skeletons (D:13)
  A gargoyle (D:12)
  10 torpor snails
  10 cane toads
  Maggie (D:7)
  A rime drake (Lair:5)
  3 ice devils
  39 yaktaurs
  3 unseen horrors
  11 komodo dragons
  46 merfolk
  A tengu conjurer (D:15)
  6 trolls
  3 polar bears
  7 wind drakes
  5 hornets (Lair:5)
  59 saltlings (Desolation)
  45 tarantellas
  17 blink frogs
  7 dream sheep
  25 jumping spiders
  5 snapping turtles
  24 culicivoras
  53 slime creatures
  5 water elementals
  15 spriggans
  10 wraiths
  2 shadows
  3 wyverns
  A yak (shapeshifter) (D:15)
  2 vampires
  39 yaks
  A dire elephant simulacrum (IceCv)
  3 basilisks
  5 wargs
  Eustachio (D:5)
  59 redbacks
  5 steam dragons (Volcano)
  6 two-headed ogre zombies (D:12)
  12 vampire mosquitoes
  2 harpy simulacra (IceCv)
  2 acid dragons
  14 water moccasins
  2 hydra simulacra (IceCv)
  A sky beast (D:6)
  16 orc warriors
  4 ice beasts
  2 laughing skulls (D:15)
  8 black bears
  12 ogres
  6 boggarts
  22 wolves
  A phantom (D:6)
  11 centaurs
  3 kobold brigands (D:13)
  A gnoll sergeant (D:6)
  5 scorpions
  16 bullfrogs
  5 cane toad simulacra (IceCv)
  8 two-headed ogre simulacra (IceCv)
  9 wights
  An elephant simulacrum (IceCv)
  9 killer bees
  2 electric eels (Spider:3)
  3 bombardier beetles
  11 howler monkeys
  A crimson imp (D:7)
  4 hounds
  6 jellies
  14 orc priests
  A gnoll bouda (D:8)
  10 iguanas
  Ijyb (D:4)
  2 sleepcaps
  8 hell rats
  21 orc wizards
  4 troll simulacra (IceCv)
  6 spriggan simulacra (IceCv)
  15 ogre zombies (D:12)
  A centaur simulacrum (D:9)
  7 gnolls
  5 adders
  9 naga simulacra (IceCv)
  2 river rats (Lair:3)
  7 white imps
  11 ufetubi
  4 ribbon worms
  3 dart slugs
  74 orcs
  15 bats
  2 endoplasms
  6 giant cockroaches
  8 goblins
  4 hobgoblins
  9 kobolds
  5 quokkas
  7 ball pythons
  2 frilled lizards
  9 rats
1505 creatures vanquished.

Vanquished Creatures (collateral kills)
  The ghost of zenocrate the Severer, a journeyman MiCK of Xom (Shoals:1)
  A centaur warrior (D:8)
  A merfolk siren (Shoals:1)
  A water nymph (Shoals:1)
  A merfolk (Shoals:1)
  A yak (D:8)
  A steam dragon (D:5)
  Menkaure (D:5)
  A bullfrog (D:8)
  A scorpion (D:8)
  2 orc priests (D:8)
12 creatures vanquished.

Vanquished Creatures (others)
  An ironbound preserver (Vaults:2)
  A ragged hierophant (Desolation)
  A lindwurm (Vaults:2)
  A manticore (Shoals:4)
  A guardian serpent (Desolation)
  An orc wizard (D:9)
6 creatures vanquished.

Grand Total: 1523 creatures vanquished

Notes
Turn   | Place    | Note
-------+----------+-------------------------------------------
     0 | D:1      | sleeves the Demigod Shapeshifter began the quest for the
                  | Orb.
     0 | D:1      | Reached XP level 1. HP: 15/15 MP: 3/3
   171 | D:1      | Reached skill level 3 in Unarmed Combat
   401 | D:1      | Reached XP level 2. HP: 21/22 MP: 4/4
   700 | D:1      | You fall into a shaft and drop 1 floor!
   968 | D:2      | HP: 10/22 [iguana (7)]
   973 | D:2      | HP: 8/33 [iguana (9)]
   975 | D:2      | Reached skill level 4 in Unarmed Combat
   975 | D:2      | Reached XP level 3. HP: 10/27 MP: 5/5
  1899 | D:3      | Reached XP level 4. HP: 32/34 MP: 6/6
  2126 | D:3      | Noticed anacleto's ghost (amateur TrSh)
  2133 | D:3      | Found a transporter.
  2164 | D:3      | Found a transporter.
  2500 | D:3      | Reached skill level 5 in Unarmed Combat
  2611 | D:3      | Reached skill level 2 in Dodging
  2791 | D:4      | Reached XP level 5. HP: 39/39 MP: 7/7
  2810 | D:4      | Reached skill level 3 in Dodging
  2871 | D:4      | Noticed Ijyb
  2890 | D:4      | Killed Ijyb
  3170 | D:4      | Found a runed translucent door.
  3171 | D:4      | Noticed Crazy Yiuf
  3252 | D:4      | Reached skill level 4 in Dodging
  3352 | D:4      | HP: 16/39 [poisoned by a scorpion]
  3353 | D:4      | Reached XP level 6. HP: 19/46 MP: 8/8
  3357 | D:4      | HP: 9/46 [poisoned by a scorpion]
  3362 | D:4      | HP: 5/46 [poisoned by a scorpion]
  3979 | D:5      | Entered Level 5 of the Dungeon
  3989 | D:5      | HP: 21/46 [burnt (4)]
  3992 | D:5      | HP: 9/46 [burnt (4)]
  3995 | D:5      | Found a staircase to the Ecumenical Temple.
  4163 | D:4      | Reached skill level 5 in Dodging
  4320 | D:5      | Noticed Blork the orc
  4321 | D:5      | Blork the orc changed into Blork the steam dragon
  4321 | D:5      | Noticed Blork
  4768 | D:6      | Noticed a water moccasin
  4774 | D:6      | Killed a water moccasin
  4775 | D:6      | Reached skill level 6 in Dodging
  4775 | D:6      | Reached XP level 7. HP: 51/51 MP: 9/9
  5056 | D:6      | Reached skill level 1 in Long Blades
  5056 | D:6      | Reached skill level 7 in Dodging
  5190 | D:5      | Reached skill level 2 in Long Blades
  5205 | D:5      | Reached skill level 3 in Long Blades
  5353 | D:5      | HP: 24/51 [Blork the steam dragon (8)]
  5359 | D:5      | HP: 22/51 [Blork the steam dragon (4)]
  5362 | D:5      | Gained mutation: You expend magic power (3 MP) to
                  | strengthen your wands. [potion of mutation]
  5362 | D:5      | Gained mutation: You have a considerably increased
                  | reservoir of magic. (+20% MP) [potion of mutation]
  5373 | D:5      | HP: 9/51 [something] (5)]
  5648 | D:5      | HP: 22/51 [sleepcap (18)]
  5654 | D:5      | Reached XP level 8. HP: 20/58 MP: 11/11
  5832 | D:5      | Noticed Menkaure
  5843 | D:5      | Killed Menkaure
  5844 | D:5      | Reached skill level 4 in Long Blades
  5846 | D:5      | Noticed Eustachio
  5852 | D:5      | Killed Blork the steam dragon
  5853 | D:5      | Reached skill level 5 in Long Blades
  5872 | D:5      | Killed Eustachio
  6151 | D:6      | HP: 25/58 [spriggan (6)]
  6158 | D:6      | Reached skill level 6 in Long Blades
  6567 | D:6      | Reached skill level 7 in Long Blades
  7082 | D:6      | HP: 27/58 [gnoll sergeant/+0 trident (10)]
  7284 | D:5      | Reached XP level 9. HP: 60/63 MP: 12/12
  7391 | D:6      | Reached skill level 8 in Long Blades
  7747 | D:6      | HP: 28/63 [killer bee (8)]
  7752 | D:6      | HP: 22/63 [poisoned by a killer bee]
  8005 | D:6      | Reached skill level 9 in Long Blades
  8937 | D:7      | Found Erchydang's Armour Emporium.
  8984 | D:7      | HP: 29/63 [poisoned by a water moccasin]
  9094 | D:7      | Reached skill level 10 in Long Blades
  9319 | D:7      | Noticed Maggie
  9329 | D:7      | HP: 31/63 [Maggie/+1 broad axe of flaming (14)]
  9331 | D:7      | Killed Maggie
  9881 | D:8      | Identified the +3 leather armour of the Onion {Dex+5}
 10166 | D:8      | HP: 22/63 [orc priest/divine providence (12)]
 10175 | D:8      | Reached skill level 11 in Long Blades
 10393 | D:8      | HP: 30/63 [acid dragon/splash of acid (7)]
 10515 | D:8      | Noticed a centaur warrior
 10590 | D:8      | Reached XP level 10. HP: 70/70 MP: 14/14
 10697 | D:8      | Found a staircase to the Lair.
 10734 | D:8      | HP: 22/70 [centaur warrior/arrow (18)]
 10734 | D:8      | Killed a centaur warrior
 10774 | D:8      | Reached skill level 12 in Long Blades
 11234 | D:9      | Found the +12 glaive of Prune {freeze, Prune}
 11259 | D:9      | HP: 34/70 [something (8)]
 11423 | D:9      | Identified the +4 quarterstaff of the Vanishing Demons
                  | {flame, rN+ Stlth+}
 11546 | D:9      | Reached skill level 13 in Long Blades
 11604 | D:9      | Found a staircase to the Orcish Mines.
 11617 | D:9      | Reached skill level 1 in Fighting
 11692 | D:9      | Reached skill level 1 in Armour
 11796 | D:9      | Reached skill level 2 in Fighting
 11807 | D:9      | Reached skill level 2 in Armour
 12222 | D:10     | Entered Level 10 of the Dungeon
 12297 | D:10     | Reached XP level 11. HP: 81/81 MP: 15/15
 12329 | D:10     | Reached skill level 3 in Fighting
 12619 | D:10     | Noticed a two-headed ogre
 12625 | D:10     | Killed a two-headed ogre
 12626 | D:10     | Reached skill level 3 in Armour
 13024 | D:11     | Found a runed translucent gate.
 13024 | D:11     | Found a runed translucent gate.
 13024 | D:11     | Found a runed translucent gate.
 13029 | D:11     | Noticed Juicyj's ghost (journeyman MiFi)
 13060 | D:11     | Reached skill level 8 in Dodging
 13155 | D:11     | Noticed a skeletal warrior
 13194 | D:11     | HP: 27/83 [skeletal warrior/+0 hand axe (20)]
 13198 | D:11     | Killed a skeletal warrior
 13199 | D:11     | Reached skill level 4 in Fighting
 13199 | D:11     | Reached skill level 4 in Armour
 13248 | D:11     | Noticed a skeletal warrior
 13373 | D:11     | Noticed a skeletal warrior
 13408 | D:11     | Noticed a skeletal warrior
 13826 | D:11     | Killed a skeletal warrior
 13827 | D:11     | Reached skill level 5 in Fighting
 13851 | D:11     | HP: 39/86 [skeletal warrior/+0 glaive (13)]
 13999 | D:10     | HP: 38/86 [skeletal warrior/+0 glaive (16)]
 14007 | D:10     | HP: 14/86 [skeletal warrior/+0 glaive (26)]
 14312 | D:11     | HP: 38/86 [skeletal warrior/+0 trident (18)]
 14318 | D:11     | Killed a skeletal warrior
 14319 | D:11     | Reached skill level 5 in Armour
 14737 | D:10     | Killed a skeletal warrior
 14840 | Lair:1   | Entered Level 1 of the Lair of Beasts
 14867 | Lair:1   | Reached skill level 9 in Dodging
 14909 | Lair:1   | HP: 41/89 [basilisk (6)]
 14915 | Lair:1   | HP: 41/89 [elephant (2)]
 15057 | Lair:1   | Reached skill level 6 in Fighting
 15074 | Lair:1   | Noticed a boulder beetle
 15242 | Lair:1   | Reached skill level 6 in Armour
 15254 | Lair:1   | Reached XP level 12. HP: 83/97 MP: 16/16
 15257 | Lair:1   | Noticed Gastronok
 15290 | Lair:1   | Killed Gastronok
 15396 | Lair:1   | HP: 36/97 [boulder beetle (25)]
 15404 | Lair:1   | Killed a boulder beetle
 15437 | Lair:1   | Found a dark tunnel.
 15446 | Volcano  | Entered a volcano
 15635 | Volcano  | Reached skill level 7 in Fighting
 15716 | Volcano  | Reached skill level 7 in Armour
 15716 | Volcano  | Reached skill level 10 in Dodging
 15907 | Volcano  | Noticed a fire dragon
 15907 | Volcano  | Found the +2 cloak of the Thief {*Fog Slay-2 SInv Stlth+}
 15930 | Volcano  | Killed a fire dragon
 16072 | Lair:1   | HP: 50/100 [poisoned by a cane toad]
 16405 | Lair:1   | Reached skill level 1 in Stealth
 16405 | Lair:1   | Reached skill level 1 in Shields
 16640 | Lair:2   | Found a hole to the Spider Nest.
 16665 | Lair:2   | Reached skill level 2 in Stealth
 16719 | Lair:2   | Reached skill level 2 in Shields
 16719 | Lair:2   | Noticed Fannar
 16769 | Lair:2   | Killed Fannar
 16770 | Lair:2   | Reached skill level 8 in Fighting
 16895 | Lair:2   | Found a frozen archway.
 17047 | IceCv    | Entered an ice cave
 17150 | IceCv    | Reached skill level 3 in Stealth
 17167 | IceCv    | Identified the +3 cloak of Beumola {Will++ Regen+ Int-4}
 17584 | IceCv    | Noticed a reaper
 17601 | IceCv    | Reached skill level 3 in Shields
 17631 | IceCv    | Killed a reaper
 17723 | IceCv    | Got Jeegu's Lectures on the Zephyr and Firn
 17910 | Lair:2   | Reached skill level 4 in Stealth
 18144 | Lair:2   | Reached XP level 13. HP: 87/108 MP: 17/17
 18676 | Lair:3   | Reached skill level 4 in Shields
 18768 | Lair:3   | Got the Encyclopedia of Damage and the Tesseract
 18964 | Lair:2   | Reached skill level 9 in Fighting
 18964 | Lair:2   | Reached skill level 5 in Stealth
 19067 | Lair:3   | Found a staircase to the Shoals.
 19120 | Lair:3   | Reached skill level 5 in Shields
 19574 | Lair:4   | Reached skill level 6 in Stealth
 19814 | Lair:4   | Reached skill level 6 in Shields
 19896 | Lair:4   | Reached skill level 10 in Fighting
 20496 | Lair:5   | Entered Level 5 of the Lair of Beasts
 20557 | Lair:5   | Reached skill level 7 in Stealth
 20580 | Lair:5   | Found a staircase to the Slime Pits.
 20899 | Lair:5   | Reached skill level 7 in Shields
 21007 | Lair:5   | Reached skill level 8 in Stealth
 21161 | Lair:5   | Reached XP level 14. HP: 97/121 MP: 14/18
 21188 | Lair:5   | HP: 60/121 [poisoned by a black mamba]
 21298 | Lair:5   | Reached skill level 8 in Shields
 21409 | Lair:5   | Reached skill level 9 in Stealth
 22367 | Orc:1    | Entered Level 1 of the Orcish Mines
 22858 | Orc:2    | Entered Level 2 of the Orcish Mines
 22951 | Orc:2    | Found a staircase to the Elven Halls.
 23482 | Orc:2    | Noticed an orc warlord
 23482 | Orc:2    | Noticed Nergalle
 23517 | Orc:2    | Reached skill level 9 in Shields
 23568 | Orc:1    | Killed an orc warlord
 23774 | Orc:2    | Reached skill level 10 in Stealth
 24111 | Orc:2    | Killed Nergalle
 24131 | Orc:2    | Found Ruoqysk's General Store.
 24150 | Orc:2    | Found Usylawax's Antique Weapon Shoppe.
 24295 | Orc:2    | Found Zungyngi's Antique Armour Shoppe.
 24301 | Orc:2    | Bought a crude helmet for 171 gold pieces
 24301 | Orc:2    | Identified the +1 helmet of a bazaar {rF+ rCorr Str-5 SInv}
                  | (You bought it in a shop on level 2 of the Orcish Mines)
 24319 | Orc:2    | Found Ankatacs's Book Shoppe.
 25566 | D:12     | Identified the +4 flail "Qulerec" {freeze, rElec Dex+5}
 25647 | D:12     | Noticed Erolcha
 25690 | D:12     | Killed Erolcha
 25857 | D:13     | Reached skill level 10 in Shields
 25979 | D:13     | Reached skill level 14 in Long Blades
 26044 | D:13     | Found a gate to the Vaults.
 26814 | D:14     | Reached XP level 15. HP: 114/126 MP: 20/20
 27012 | D:14     | Reached skill level 15 in Long Blades
 27687 | D:15     | Entered Level 15 of the Dungeon
 27935 | D:15     | Noticed Josephine
 27938 | D:15     | Killed Josephine
 28128 | D:15     | Reached skill level 16 in Long Blades
 28404 | D:15     | Identified the +2 pair of gloves of the Kraken {-Tele rC+
                  | rN+ Regen+}
 28557 | D:15     | Found a staircase to the Depths.
 28737 | Spider:1 | Entered Level 1 of the Spider Nest
 28896 | Spider:1 | Noticed Agnes
 28915 | Spider:1 | Reached skill level 17 in Long Blades
 28939 | Spider:1 | HP: 63/126 [poisoned by Agnes]
 29089 | Spider:1 | HP: 63/126 [poisoned by Agnes]
 29091 | Spider:1 | Killed Agnes
 29094 | Spider:1 | HP: 53/126 [poisoned by Agnes]
 29099 | Spider:1 | HP: 58/126 [poisoned by Agnes]
 29249 | Spider:1 | HP: 60/126 [poisoned by a wolf spider]
 29254 | Spider:1 | HP: 56/126 [poisoned by a wolf spider]
 29259 | Spider:1 | HP: 54/126 [poisoned by a wolf spider]
 29298 | Spider:1 | Reached skill level 18 in Long Blades
 29564 | Spider:1 | Found a runed translucent door.
 29692 | Spider:1 | Reached XP level 16. HP: 112/134 MP: 21/21
 29998 | Spider:2 | Reached skill level 8 in Armour
 30266 | Spider:2 | Reached skill level 11 in Dodging
 30420 | Spider:2 | Reached skill level 11 in Fighting
 30975 | Spider:3 | Reached skill level 9 in Armour
 31049 | Spider:3 | Noticed Donald
 31059 | Spider:3 | Killed Donald
 31400 | Spider:3 | Noticed Arachne
 31455 | Spider:3 | Killed Arachne
 31579 | Spider:3 | HP: 67/138 [meliai/divine providence (15)]
 31585 | Spider:3 | HP: 62/138 [meliai/+0 war axe (1)]
 31590 | Spider:3 | HP: 36/138 [emperor scorpion (34)]
 31591 | Spider:3 | HP: 13/138 [meliai/divine providence (14)]
 32122 | Spider:4 | Entered Level 4 of the Spider Nest
 32132 | Spider:4 | Reached skill level 12 in Dodging
 32284 | Spider:4 | Reached skill level 10 in Armour
 32539 | Spider:4 | Reached skill level 12 in Fighting
 33161 | Spider:4 | Reached XP level 17. HP: 147/147 MP: 22/22
 33600 | Spider:4 | Identified the +6 flail "Ynlag" {holy, rF+ rC+}
 33625 | Spider:4 | Got a gossamer rune of Zot
 33851 | Shoals:1 | Entered Level 1 of the Shoals
 33942 | Shoals:1 | Found a runed translucent gate.
 33942 | Shoals:1 | Found a runed translucent gate.
 33942 | Shoals:1 | Found a runed translucent gate.
 33945 | Shoals:1 | Noticed zenocrate's ghost (journeyman MiCK)
 34559 | Shoals:1 | Gained mutation: You are weak. (Str -2) [mutagenic glow]
 34571 | Shoals:1 | HP: 74/148 [merfolk siren/+0 spear (5)]
 34573 | Shoals:1 | Reached skill level 13 in Dodging
 34575 | Shoals:1 | HP: 34/148 [water nymph/the raging water (19)]
 34576 | Shoals:1 | Killed zenocrate's ghost
 34576 | Shoals:1 | Gained mutation: You are dopey. (Int -2) [mutagenic glow]
 34696 | Shoals:1 | Identified the +2 pair of boots of Repulsion {Regen+ Str+3}
 34885 | Shoals:2 | Got the Guide on Hexed Haze
 34907 | Shoals:2 | Noticed Louise
 34960 | Shoals:1 | Killed Louise
 34961 | Shoals:1 | Reached skill level 13 in Fighting
 35649 | Shoals:3 | Found Ucotoemm's Antique Weapon Boutique.
 35816 | Shoals:3 | Bought an ichor-stained great sword for 253 gold pieces
 35816 | Shoals:3 | Identified the +4 great sword of Tuasewk {flame, ^Fragile
                  | rElec rPois Str+3} (You bought it in a shop on level 3 of
                  | the Shoals)
 35956 | Shoals:3 | Got the Incunabulum of Chilled Breccia
 35999 | Shoals:3 | Noticed Ygem's ghost (journeyman DsFE)
 36000 | Shoals:3 | Found a large runed translucent door.
 36001 | Shoals:3 | Found a large runed translucent door.
 36081 | Shoals:3 | Killed Ygem's ghost
 36085 | Shoals:3 | Identified the +4 scale mail "Doshoash" {rF++ rCorr Int+4}
 36450 | Shoals:4 | Entered Level 4 of the Shoals
 36842 | Shoals:4 | Reached skill level 14 in Dodging
 37067 | Shoals:4 | Reached skill level 14 in Fighting
 37123 | Shoals:4 | Identified the +1 long sword of Indignation {spect, rPois
                  | rF- Will+ Stlth+}
 37282 | Shoals:4 | HP: 55/152 [water nymph/the raging water (25)]
 37287 | Shoals:4 | HP: 55/152 [merfolk impaler/+2 demon trident of freezing
                  | (3)]
 37390 | Shoals:4 | Got a barnacled rune of Zot
 37832 | Vaults:1 | Entered Level 1 of the Vaults
 37933 | Vaults:1 | HP: 63/154 [angel/+1 whip of holy wrath (20)]
 37943 | Vaults:1 | HP: 38/154 [deep troll (12)]
 37965 | Vaults:1 | Reached XP level 18. HP: 64/161 MP: 23/23
 38030 | Vaults:1 | Found a crumbling gateway.
 38051 | Vaults:1 | Reached skill level 15 in Dodging
 38079 | Desolati | Entered the Desolation of Salt
 38158 | Desolati | Reached skill level 15 in Fighting
 38266 | Desolati | Found the +8 trishula "Condemnation" {holy, anguish, *Noise
                  | Fly rN+}
 38304 | Desolati | Identified the +0 ring mail of Vaasten {rPois rF- rC++
                  | Str+3}
 38339 | Desolati | Identified the +16 plate armour "Xeigugu" {+Inv Str+4 Int+3
                  | Dex-2}
 38399 | Desolati | Identified the +3 leather armour of the Old World {rC+
                  | Will+ Stlth+}
 38414 | Desolati | Reached skill level 16 in Dodging
 38433 | Desolati | Identified the +8 scale mail "Zyluv" {rC++ Dex-5}
 38456 | Desolati | Identified the +1 cloak of Prudence {Regen+}
 38489 | Desolati | Identified the +1 orcbow of the Elven Halls {antimagic,
                  | rElec Int+2 Stlth+}
 38586 | Desolati | Got the Tome of the Vivid Cucurbite
 38592 | Desolati | Got the Notes on Breezy Transportation
 38768 | Desolati | Got the Omnibus of the Gathered Manifold
 38770 | Desolati | Identified the +3 halberd of Demonkind {flame, rC+ Str+3}
 39858 | Vaults:2 | Reached skill level 11 in Shields
 39948 | Vaults:2 | Found a staircase to the Crypt.
 40424 | Vaults:2 | HP: 50/163 [ironbound thunderhulk/bolt of lightning (50)]
 40429 | Vaults:2 | HP: 40/163 [yaktaur/bolt[a vault warden] (21)]
 40436 | Vaults:2 | HP: 49/163 [ironbound frostheart/creeping frost (6)]
 40690 | Vaults:2 | Reached skill level 19 in Long Blades
 40761 | Vaults:2 | Reached XP level 19. HP: 170/170 MP: 24/24
 40764 | Vaults:2 | Reached skill level 12 in Shields
 41214 | Vaults:3 | Paralysed by a formless jellyfish for 1 turns
 41453 | Vaults:3 | HP: 84/170 [vault warden/+3 war axe of freezing (39)]
 41458 | Vaults:3 | HP: 52/170 [vault guard/+0 great sword[a vault warden]
                  | (24)]
 41660 | Vaults:3 | Reached skill level 13 in Shields
 41705 | Vaults:3 | Identified the +1 robe of Parts Unknown {*Slow rElec rCorr
                  | Slay+5}
 42142 | Vaults:3 | Reached skill level 20 in Long Blades
 42282 | Vaults:4 | Reached skill level 14 in Shields
 42504 | Vaults:4 | Noticed Mara
 42527 | Vaults:4 | Noticed sleeves's illusion
 42720 | Vaults:4 | Noticed sleeves's illusion
 42822 | Vaults:4 | Noticed sleeves's illusion
 42854 | Vaults:4 | Killed Mara
 42855 | Vaults:4 | Reached skill level 15 in Shields
 43187 | Vaults:4 | Identified the orb of Wisdom {light, Rampage Fly Conj}
 43187 | Vaults:4 | Noticed Frederick
 43202 | Vaults:4 | HP: 69/170 [spellforged servitor/iron shot[Frederick] (68)]
 43207 | Vaults:4 | Killed from afar by Frederick

Illustrated notes

Levels and vault maps discovered:
D:1:      dpeg_arrival_lava_temple_mockup, layout_basic
D:2:      cheibrodos_helix_gallery, layout_basic, basic_altar, minmay_cut_off
D:3:      layout_loops_ring, general_overflow_altar, gammafunk_ghost_stat_death,
          nicolae_concentric_dashed_squares_wild
D:4:      layout_loops_ring, nicolae_sif_muna_little_library,
          brannock_xom_greatest_gift, minmay_parallelograms, patterned_corridor,
          uniq_crazy_yiuf_cottage, uniq_ijyb
D:5:      layout_cave_pools, nicolae_wu_jian_wuxing_cycle,
          minmay_temple_entry_statues_pillars, minmay_misc_feat_enclosed,
          roderic_batcave, minivault_25, uniq_eustachio, uniq_blork_the_orc,
          uniq_menkaure
D:6:      layout_loops_ring, mainiacjoe_overflow_divided_tiny, serial_rivers,
          chequers_serial_rivers_micro_d, chequers_serial_rivers_micro_b,
          chequers_serial_rivers_room_a, chequers_serial_rivers_room_b,
          sword_in_stone
D:7:      layout_basic, overflow_temple_1_default,
          mainiacjoe_overflow_cross_hatched, chei_slow_surprise, serial_shops,
          shop, grunt_ministairs_8, kennysheep_cross_room,
          minmay_fire_ice_demons, uniq_maggie
D:8:      layout_gridville, grunt_temple_overflow_diamond,
          due_lair_maze_entry_diamond, minmay_microvault
D:9:      layout_roguey, david_orc_3, serial_ice, serial_ice_b, serial_ice_g,
          serial_ice_c, serial_ice_a, serial_ice_h, serial_ice_o,
          dk_noncrumbling_4
D:10:     layout_loops_ring, kennysheep_mini
D:11:     layout_roguey, ebering_ghost_rock_garden, david_greed
D:12:     lemuel_ogre_cave, layout_loops_ring
D:13:     layout_loops_ring, hangedman_vaults_entry_quadrant_bands
D:14:     layout_stronghold, okawaru_metal_pillars_3, chequers_decorated_corner
D:15:     grunt_enter_depths_snipers, layout_loops_ring, uniq_josephine
Lair:1:   layout_roguey, nicolae_volcano_entry_two_sided, lemuel_fruit_fields,
          uniq_gastronok
Lair:2:   layout_small_grid, nicolae_spider_entry_non_spiders,
          portal_ice_cave_demonic_guard, uniq_fannar
Lair:3:   layout_long_grid, minmay_shoals_entry_lonely_mermaid,
          kennysheep_abandoned_house
Lair:4:   layout_small_grid, infiniplex_staircase_pool
Lair:5:   minmay_lair_end_enchanted_forest, layout_hall_layers,
          minmay_slime_entry_pillars, grunt_megastairs_2, serial_bayou_shore_a
Shoals:1: layout_shoals, gammafunk_ghost_tricky_traps
Shoals:2: layout_shoals, uniq_louise
Shoals:3: layout_shoals, serial_shops, nicolae_stop_n_shop_1,
          ebering_ghost_disaster_area
Shoals:4: shoals_end_grunt_ice, layout_shoals, nicolae_shoals_wave_tunnel
Spider:1: cheibrodos_spider_deadly_dance, nicolae_spider_shape, uniq_agnes
Spider:2: layout_spider_delve
Spider:3: layout_spider_delve, nicolae_spider_claw_tunnel, uniq_donald,
          uniq_arachne
Spider:4: grunt_spider_rune_parallel
Orc:1:    layout_diamond_mine
Orc:2:    grunt_orc_cross, layout_diamond_mine, basic_altar
Vaults:1: portal_desolation_entry_holy_temple, nicolae_vaults_triangles,
          ontoclasm_vaults_decontamination, nicolae_vaults_bisected_exclaves,
          nicolae_vaults_apartment_2, hangedman_vaults_nails, v_misc_15,
          nicolae_vaults_bisected_slash, nicolae_vaults_house_2,
          layout_vaults_big_room
Vaults:2: ontoclasm_vaults_shuriken, v_misc_18, grunt_vaults_bifocal, v_misc_1,
          vaults_dpeg_ring, minmay_crypt_entry_simple_corners,
          hangedman_vaults_snaps, hangedman_vaults_stream,
          nicolae_vaults_offset_grid_hallway_1, v_rooms_4,
          nicolae_vaults_double_plus_1, nicolae_vaults_closet_pinwheel_5,
          vaults_dpeg_emergency_exit, layout_vaults_omnicross
Vaults:3: nicolae_vaults_border_crossing, ontoclasm_vaults_twist,
          vaults_room_door_hall, nicolae_vaults_meeting,
          nicolae_vaults_apartment_2, nicolae_vaults_apartment_2,
          nicolae_vaults_ellipses_ellipsis, hangedman_vaults_cutoff,
          v_pattern_2, nicolae_vaults_double_plus_1,
          nicolae_vaults_more_shelving_2, nicolae_vaults_apartment_1,
          nicolae_vaults_little_squares_4, v_misc_15, v_misc_13,
          nicolae_vaults_little_squares_5, layout_vaults_maze
Vaults:4: v_alt_pattern_1, fort_yaktaur, ontoclasm_vaults_tryst,
          nicolae_vaults_sesquioval_fish, grunt_vaults_hallway_short, v_rooms_5,
          ontoclasm_vaults_ligature, hangedman_vaults_corner,
          vaults_room_door_hall, nicolae_vaults_tetromino_Z_2,
          layout_vaults_omnibox, uniq_jory, uniq_mara, uniq_frederick

Skill      XL: |  1  2  3  4  5  6  7  8  9 10 11 12 13 14 15 16 17 18 19 |
---------------+----------------------------------------------------------+-----
Unarmed Combat | 3 4 5 |  5.0
Dodging        | 2 4 6 7 9 10 12 14 16 | 16.2
Long Blades    | 3 7 11 13 14 18 19 20 | 20.0
Fighting       | 2 6 8 10 12 14 15 | 15.0
Armour         | 2 6 7 10 | 10.6
Stealth        | 4 8 10 | 10.0
Shields        | 3 7 10 11 15 | 15.0
Shapeshifting  | |  2.6

Action                     |  1- 3 |  4- 6 |  7- 9 | 10-12 | 13-15 | 16-18 | 19-21 || total
---------------------------+-------+-------+-------+-------+-------+-------+-------++-------
  Melee: Unarmed           |   113 |   153 |   120 |       |       |       |       ||   386
         Punch             |     2 |     5 |     4 |       |       |       |       ||    11
         Long sword        |       |       |   323 |       |       |       |       ||   323
         Great sword       |       |       |    90 |    52 |       |       |       ||   142
         Scimitar          |       |       |       |   880 |  1137 |       |       ||  2017
         Quick blade       |       |       |       |    22 |   258 |    26 |       ||   306
         Double sword      |       |       |       |       |   465 |  1417 |   475 ||  2357
  Throw: Dart              |     3 |    15 |    13 |    12 |     9 |     1 |       ||    53
Ability: Begin Untransform |       |       |     1 |       |       |       |       ||     1
  Evoke: Wand              |       |     4 |     8 |       |     4 |    11 |       ||    27
         Condenser vane    |       |       |       |       |       |     1 |       ||     1
    Use: Potion            |     1 |     1 |     5 |     2 |     1 |     8 |     5 ||    23
         Scroll            |       |       |     1 |    13 |     7 |    21 |     1 ||    43
   Stab: Confused          |       |       |     1 |       |       |       |       ||     1
         Distracted        |       |       |       |     3 |     9 |     5 |       ||    17
         Sleeping          |       |       |       |     7 |    23 |    17 |       ||    47
         Invisible         |       |       |       |       |       |     3 |     1 ||     4
 Armour: Ring mail         |    66 |    87 |   135 |       |       |       |       ||   288
         Animal skin       |     2 |       |       |       |       |       |       ||     2
         Skin              |     4 |     5 |       |       |       |       |       ||     9
         Scale mail        |       |       |   128 |       |       |   172 |       ||   300
         Leather armour    |       |       |    25 |   267 |   351 |   203 |       ||   846
         Steam dragon scal |       |       |     2 |       |       |       |       ||     2
         Ice dragon scales |       |       |       |    45 |       |       |       ||    45
         Robe              |       |       |       |     1 |       |       |       ||     1
         Plate armour      |       |       |       |       |       |   194 |   241 ||   435
  Dodge: Dodged            |    62 |   112 |   537 |   905 |   973 |  1093 |   229 ||  3911
         Repelled          |     2 |     4 |     5 |    11 |     7 |    27 |     7 ||    63
  Block: Kite shield       |       |       |       |   135 |  1874 |  2094 |   598 ||  4701
         Reflection        |       |       |       |       |    24 |    70 |    31 ||   125

Table legend: (Time is in decaauts)
 A = Elapsed time spent in this place.
 B = Non-inter-level travel time spent in this place.
 C = Inter-level travel time spent in this place.
 D = Time resting spent in this place.
 E = Time spent auto-exploring this place.
 F = Levels seen in this place.
 G = Mean time per level.
                   A        B        C        D        E       F      G
               +--------+--------+--------+--------+--------+-----+--------+
         Total |  43480 |  38783 |   4697 |   5243 |  21352 |  37 | 1175.1 |
       Dungeon |  19305 |  17114 |   2191 |   3274 |  10120 |  15 | 1287.0 |
          Lair |   6260 |   5314 |    946 |    521 |   2996 |   5 | 1252.0 |
        Shoals |   3903 |   3595 |    308 |    284 |   2291 |   4 |  975.8 |
   Spider Nest |   5186 |   4617 |    569 |    654 |   1852 |   4 | 1296.5 |
  Orcish Mines |   2012 |   1720 |    292 |    107 |    863 |   2 | 1006.0 |
        Vaults |   4640 |   4251 |    389 |    222 |   2587 |   4 | 1160.0 |
      Ice Cave |    749 |    749 |      0 |      0 |    287 |   1 |  749.0 |
       Volcano |    550 |    550 |      0 |    179 |    123 |   1 |  550.0 |
    Desolation |    870 |    870 |      0 |      0 |    232 |   1 |  870.0 |
               +--------+--------+--------+--------+--------+-----+--------+

Top non-repeatable levels by time:
     D:6: 2422 daAuts
     D:4: 2050 daAuts
     D:7: 1821 daAuts
Spider:4: 1597 daAuts
  Lair:5: 1522 daAuts
    D:11: 1466 daAuts
     D:8: 1423 daAuts
Vaults:2: 1409 daAuts
  Lair:2: 1387 daAuts
Spider:3: 1256 daAuts
  Lair:1: 1231 daAuts
Spider:1: 1207 daAuts
   Orc:2: 1207 daAuts
    D:10: 1205 daAuts
     D:9: 1205 daAuts
